 Dungeon Crawl Stone Soup version 0.30.1 (webtiles) character file.

Game seed: 3374256561572984585

53 safid the Chiller (level 3, 0/27 HPs)
             Began as a Merfolk Ice Elementalist on July 12, 2023.
             Killed by nerve-wracking pain
             ... invoked by Jessica
              (4 damage)
             ... on level 2 of the Dungeon.
             The game lasted 00:02:29 (1332 turns).

safid the Chiller (Merfolk Ice Elementalist)        Turns: 1332, Time: 00:02:30

Health: 0/27       AC:  8    Str:  8    XL:     3   Next: 89%
Magic:  0/7        EV: 12    Int: 16    God:
Gold:   75         SH:  0    Dex: 14    Spells: 0/7 levels left

rFire   . . .        c - +0 dagger
rCold   . . .        (no shield)
rNeg    . . .        a - +0 robe
rPois   +            (no helmet)
rElec   .            (no cloak)
rCorr   .            (no gloves)
SInv    .            (no boots)
Will    .....        (no amulet)
Stlth   ++           h - ring of poison resistance
HPRegen 0.24/turn    (no ring)
MPRegen 0.10/turn

%: no passive effects
@: ice-armoured, hasted, very quick
A: (nimble swimmer 2), mertail
a: no special abilities


You were on level 2 of the Dungeon.
You visited 1 branch of the dungeon, and saw 2 of its levels.

You collected 75 gold pieces.

Inventory:

Hand Weapons
 c - a +0 dagger (weapon)
Armour
 a - a +0 robe (worn)
Jewellery
 h - a ring of poison resistance (left hand)
Scrolls
 d - a scroll of enchant weapon {unknown}
 e - a scroll of vulnerability {unknown}
 j - a scroll of teleportation {unknown}
Potions
 f - a potion of mutation {unknown}
 g - a potion of berserk rage {unknown}
 i - a potion of haste


   Skills:
 + Level 2.0 Fighting
 - Level 2.6 Dodging
 - Level 2.1 Stealth
 + Level 2.6 Spellcasting
 + Level 4.9 Ice Magic


You couldn't memorise any spells.
You knew the following spells:

 Your Spells              Type           Power      Damage    Failure   Level
a - Freeze                Ice            72%        1d8       2%          1
b - Frozen Ramparts       Ice            36%        1d6       8%          3
c - Ozocubu's Armour      Ice            18%        N/A       8%          3

Your spell library contained the following spells:

 Spells                   Type           Power      Damage    Failure   Level
 Kiss of Death            Conj/Necr      8%         2d6       19%         1
 Confusing Touch          Hex            2%         N/A       50%         3
 Summon Ice Beast         Ice/Summ       10%        N/A       56%         4
 Dispel Undead            Necr           2%         3d7       88%         4


Dungeon Overview and Level Annotations

Branches:
Dungeon (2/15)

Altars:

Annotations:
D:2 Jessica


Innate Abilities, Weirdness & Mutations

((You are very nimble when in or above water. (Stealth+, EV+, Speed+++)))
Your lower body shifts to a powerful aquatic tail in water.


Message History

* * * LOW HITPOINT WARNING * * *
The hobgoblin hits you but does no damage.
Your magical contamination has completely faded away.
You closely miss the hobgoblin.
The hobgoblin is severely wounded.
The hobgoblin hits you but does no damage.
Jessica closely misses you.
It was a potion of haste.
You feel yourself speed up. Jessica hits you but does no damage.
The hobgoblin closely misses you.
You barely miss the hobgoblin.
The hobgoblin is severely wounded.
The hobgoblin closely misses you. Jessica hits you but does no damage.
You hit the hobgoblin.
You kill the hobgoblin!
Jessica barely misses you.
Your Fighting skill increases to level 2!
Casting: Freeze (safe; 2% risk of failure)
Confirm with . or Enter, or press ? or * to list all spells.
Aiming: Freeze (safe; 2% risk of failure)
Press: ? - help, Shift-Dir - straight line, f - Jessica
Aim: Jessica, wielding a +0 dagger and wearing a +0 robe (moderately wounded)
You freeze Jessica.
Jessica is severely wounded.
You hit Jessica but do no damage.
Jessica is severely wounded.
Jessica closely misses you.
You hit Jessica but do no damage.
Jessica is severely wounded.
Jessica misses you.
You closely miss Jessica.
Jessica is severely wounded.
You hit Jessica but do no damage.
Jessica is severely wounded.
Jessica hits you with a +0 dagger.
* * * LOW HITPOINT WARNING * * *
You hit Jessica.
Jessica is almost dead.
Jessica points at you and mumbles some strange words.
Pain shoots through your body!
You die...

#..<#
#........
#...#
#........
#...#
#........
#...#
#........
#...#
#<.......
#...#
#........
#...#
#........
#...#
#†@......
#####
#@)......
#########


You could see Jessica.

Vanquished Creatures
  An adder (D:2)
  4 bats
  5 endoplasms
  5 goblins
  7 hobgoblins
  4 jackals (D:2)
  2 quokkas (D:1)
  5 ball pythons
  2 kobolds
  4 rats (D:1)
39 creatures vanquished.

Notes
Turn   | Place    | Note
-------+----------+-------------------------------------------
     0 | D:1      | safid the Merfolk Ice Elementalist began the quest for the
                  | Orb.
     0 | D:1      | Reached XP level 1. HP: 13/13 MP: 3/3
   253 | D:1      | Reached XP level 2. HP: 20/20 MP: 3/5
   300 | D:1      | Reached skill level 1 in Fighting
   356 | D:1      | Found a faded altar of an unknown god.
   955 | D:2      | Reached XP level 3. HP: 25/26 MP: 1/6
  1084 | D:2      | Learned a level 3 spell: Frozen Ramparts
  1088 | D:2      | Learned a level 3 spell: Ozocubu's Armour
  1299 | D:2      | Noticed Jessica
  1332 | D:2      | Killed from afar by Jessica

Illustrated notes

Levels and vault maps discovered:
D:1:      lightli_arrival_statuegarden, layout_loops_ring,
          ebering_ecumenical_altar_mist
D:2:      layout_basic, minmay_goblin_outpost, uniq_jessica,
          uniq_crazy_yiuf_cottage

Skill      XL: |  1  2  3 |
---------------+----------+-----
Fighting       | 1 2 |  2.0
Dodging        | |  2.6
Stealth        | |  2.1
Spellcasting   | |  2.6
Ice Magic      | |  4.9

Action                     || total
---------------------------++-------
  Melee: Unarmed           ||     1
         Dagger            ||    35
   Cast: Freeze            ||    45
         Ozocubu's Armour  ||     1
         Frozen Ramparts   ||     1
    Use: Potion            ||     2
   Stab: Sleeping          ||     3
 Armour: Robe              ||    15
  Dodge: Dodged            ||    42
